AoeStats
← 150490644@

Arena

507284418Analyzed
1v1 RM · 14d ago on Sep 17, 2026· 55m 21s· 2 players
Game mode
Random Map
Map size
Tiny (2 player)
Population
200
Speed
Normal
Resources
Standard
Victory
Conquest
Starting age
Dark Age
Ending age
Imperial Age
RankedLock teamsTeams togetherTeam positionsShared explorationLock speedFull tech treeHidden civsTurbo modeCheats
Victory
Defeat
🇨🇦 Portuguese · Canada
1016
+15
🇮🇹 Franks · Italy
995
-15
150490644@
10:24 Feudal Age
14:58 Castle Age
13:44 Double-Bit Axe
15:32 Wheelbarrow
15:53 Gold Mining
18:38 Stone Mining
22:40 Gold Shaft Mining
23:03 Husbandry
23:19 Scale Barding Armor
23:38 Loom
26:39 Hand Cart
26:54 Forging
27:17 Bow Saw
32:21 Imperial Age
31:40 Chain Barding Armor
31:56 Iron Casting
32:28 Cavalier
33:47 Plate Barding Armor
35:39 Blast Furnace
35:48 Chemistry
35:42 Chivalry
36:24 Town Watch
37:40 Paladin
39:17 Conscription
50:34 Elite Skirmisher
51:17 Padded Archer Armor
51:08 Fletching
Deepu1205
12:52 Feudal Age
14:50 Horse Collar
15:11 Double-Bit Axe
17:35 Castle Age
15:38 Stone Mining
15:53 Town Watch
16:09 Gold Mining
27:38 Imperial Age
27:08 Fortified Wall
29:40 Chemistry
30:09 Wheelbarrow
29:20 Loom
30:29 Bow Saw
30:25 Heavy Plow
30:18 Pikeman
31:45 Arquebus
33:00 Hand Cart
32:24 Halberdier
34:36 Crop Rotation
35:11 Two-Man Saw
36:00 Elite Organ Gun
37:23 Town Patrol
38:01 Forging
38:14 Scale Mail Armor
39:15 Iron Casting
41:30 Blast Furnace
40:46 Chain Mail Armor
45:04 Plate Mail Armor
45:27 Siege Engineers
45:32 Masonry
45:18 Murder Holes
Connection lost

Rejoining the realm…

Still unreachable

The connection could not be restored.

Session expired

The server has moved on; the page needs a fresh start.